 Dungeon Crawl Stone Soup version 0.17.1-1-g73c8601 (webtiles) character file.

76561 claricorp the Severer (level 15, 0/138 HPs)
             Began as a Deep Dwarf Fighter on Dec 13, 2015.
             Was the Champion of Okawaru.
             Killed from afar by a starcursed mass (7 damage)
             ... with an accursed screaming
             ... on level 4 of the Abyss on Dec 14, 2015.
             The game lasted 02:23:05 (17404 turns).

claricorp the Severer (Deep Dwarf Fighter)         Turns: 17404, Time: 02:23:05

Health: 0/138      AC: 25    Str: 27      XL:     15   Next: 12%
Magic:  10/10      EV: 15    Int: 15 (16) God:    Okawaru [******]
Gold:   1307       SH: 14    Dex: 14      Spells: 0 memorised, 14 levels left

rFire  + . .     SeeInvis .     q - +8 broad axe "Coff" {flame, rPois rC++ Str+4 Dex-2}
rCold  + + +     Rnd*Rage +     K - +4 chain mail
rNeg   + + .     SustAt   .     c - +1 shield
rPois  +         Gourm    .     b - +2 hat {Int+3}
rElec  .         Spirit   .     m - +2 cloak
rCorr  .         Warding  +     A - +0 pair of gloves
rMut   .         Stasis   .     P - +0 pair of boots
MR     ++...                    M - amulet of warding
Stlth  ..........               G - ring of Geur {rF+ rC+ Int+3 Dex+2}
                                o - ring of magical power

@: flying, non-regenerating, very resistant to hostile enchantments, extremely
unstealthy
A: damage resistance, recharge devices, repulsion field 1, molten scales 1,
berserk 1, deterioration 2, negative energy resistance 1, sense surroundings 2,
slow regeneration 3, subdued magic 1
a: Device Recharging, Heroism, Finesse, Renounce Religion


You were on level 4 of the Abyss.
You worshipped Okawaru.
Okawaru was exalted by your worship.
You were not hungry.

You visited 3 branches of the dungeon, and saw 16 of its levels.
You visited the Abyss 1 time.

You collected 1801 gold pieces.
You spent 494 gold pieces at shops.

Inventory:

Hand Weapons
 q - the +8 broad axe "Coff" (weapon) {flame, rPois rC++ Str+4 Dex-2}
   (Okawaru gifted it to you on level 4 of the Orcish Mines)

   It has been specially enchanted to burn those struck by it, causing extra
   injury to most foes and up to half again as much damage against particularly
   susceptible opponents.
   Big, fiery blades are also staple armaments of hydra-hunters.
   It affects your strength (+4).
   It affects your dexterity (-2).
   It greatly protects you from cold.
   It protects you from poison.
 r - a +1 executioner's axe of chopping
 B - a +2 antimagic broad axe
 C - a +3 battleaxe of electrocution
 D - a +3 broad axe of chopping
 F - a +4 broad axe of distortion
 V - the +3 quarterstaff "Mevaod" {crush, rN+, unknown}
   (You found it on level 3 of the Abyss)

   It inflicts extra damage upon your enemies.
   It protects you from negative energy.
Missiles
 a - 164 arrows
 w - 16 bolts of frost
 H - 10 curare-tipped needles
 I - 6 needles of paralysis
 Y - 5 javelins (quivered)
Armour
 b - a +2 hat of intelligence (worn)
 c - a +1 shield (worn)
 m - a +2 cloak (worn)
 A - a +0 pair of gloves (worn)
 K - a +4 chain mail (worn)
 P - a +0 pair of boots (worn)
Jewellery
 g - an uncursed amulet of resist mutation
 h - a +1 ring of evasion
 o - a ring of magical power (left hand)
 y - an uncursed ring of flight
 G - the ring of Geur (right hand) {rF+ rC+ Int+3 Dex+2}
   (You found it on level 6 of the Dungeon)

   [ring of intelligence]

   It affects your intelligence (+3).
   It affects your dexterity (+2).
   It protects you from fire.
   It protects you from cold.
 J - an uncursed ring of protection from fire
 M - an amulet of warding (around neck)
 S - an uncursed amulet of the gourmand
Wands
 e - a wand of heal wounds (0)
 k - a wand of cold (2)
 n - a wand of digging (17)
 z - a wand of disintegration (12)
 E - a wand of disintegration (5)
 N - a wand of confusion (19)
 Q - a wand of slowing (12)
 W - a wand of cold (0)
 X - a wand of flame (22)
Scrolls
 j - 11 scrolls of remove curse
 l - a scroll of enchant weapon {unknown}
 t - 3 scrolls of blinking
 u - a scroll of fog {unknown}
 x - 2 scrolls of teleportation
 T - 3 scrolls of magic mapping
 U - a scroll of brand weapon
Potions
 s - a potion of agility
 O - a potion of mutation {unknown}
Miscellaneous
 L - a lamp of fire (inert)
Comestibles
 f - 10 bread rations
 i - 3 slices of pizza
 p - 6 fruits
 v - 5 meat rations


   Skills:
 + Level 9.8 Fighting
 * Level 17.9(18.2) Axes
   Level 4.7(12.1) Maces & Flails
   Level 2.0(10.6) Polearms
 + Level 1.6 Throwing
 + Level 10.1 Armour
 + Level 10.2 Dodging
 + Level 3.8 Stealth
 + Level 11.8 Shields
 + Level 2.6 Invocations
 + Level 6.2 Evocations


You had 14 spell levels left.
You didn't know any spells.

Dungeon Overview and Level Annotations

Branches:
Dungeon (9/15)                Orc (4/4) D:9             Elf (3/3) Orc:4
 Temple: D:4-7         Lair: D:8-11

Altars:
Cheibriados
Gozag
Kikubaaqudgha
Okawaru
Sif Muna
Vehumet
Beogh

Shops:
D:5 (   D:9 ?   Orc:2 [   Orc:4 =[%(   Elf:1 %


Innate Abilities, Weirdness & Mutations

You are resistant to damage.
You can recharge devices by infusing magical energy.
You resist negative energy.
You passively map the area around you.
You do not regenerate naturally.
You are surrounded by a mild repulsion field (EV +2).
You are partially covered in molten scales (AC +1).
[You tend to lose your temper in combat.]
[Your body often deteriorates upon taking damage.]
[Your spells are a little easier to cast, but a little less powerful.]


Message History

A chorus of shrieks assaults your mind.
* * * LOW HITPOINT WARNING * * *
A starcursed mass splits.
You feel yourself speed up.
Drink which item? (? for menu, Esc to quit)
Okay, then.
Eat which item? (? for menu, Esc to quit)
You continue eating. x2
A starcursed mass splits.
You finish eating.
That meat ration really hit the spot!
Your fire elemental hits the starcursed mass.
Your fire elemental burns the starcursed mass!
The starcursed mass engulfs your fire elemental but does no damage.
You slice the starcursed mass!! You burn the starcursed mass.
You destroy the starcursed mass!
You feel less exhausted.
Your fire elemental disappears in a puff of smoke!
A starcursed mass splits.
A chorus of shrieks assaults your mind.
You die...

#### ##..####
##..#..# ##...#
#.##.§### ###
.###..#..##..#
.#.@##..# ...#
.......X.##X#§#.##
..#..##.X##.#. .#
#. #..X.§..#.#
......#..≈≈X#≈##
.. # ###≈≈≈.≈≈# .
... #.≈≈≈≈.#..# .
.# ###.(..≈.### .
. ... #.§.#≈#.


You could see 3 starcursed masses.

Vanquished Creatures
  2 deep elf blademasters (Elf:3)
  A tentacled starspawn (Abyss:4)
  Gastronok (Orc:1)
  Louise (Elf:2)
  4 deep elf annihilators
  An ettin (Orc:3)
  2 deep elf death magi (Elf:3)
  3 deep elf high priests
  2 ogre magi (Orc:4)
  17 dancing weapons (Elf:2)
  A tengu warrior (D:9)
  A thrashing horror (Abyss:4)
  3 wretched stars
  15 deep elf knights
  An unseen horror (Abyss:4)
  2 deep trolls (Orc:4)
  A giant orange brain (Abyss:4)
  2 deep elf summoners
  An orc knight (Orc:2)
  6 small abominations
  2 hill giants (Orc:4)
  14 deep elf conjurers
  3 cyclopes (Orc:4)
  A sixfirhy (Abyss:1)
  Maurice (Orc:4)
  Joseph (D:7)
  An orange demon (Abyss:2)
  A smoke demon (Abyss:4)
  An efreet (Abyss:4)
  2 ancient zymes
  17 deep elf priests
  The ghost of sugabear the Ducker, a novice VSGl of Makhleb (D:4)
  7 two-headed ogres
  7 trolls (Orc:4)
  Sigmund (D:5)
  A spriggan (shapeshifter) (Elf:3)
  2 wyverns
  30 deep elf fighters
  2 wolves (D:8)
  Grum (D:8)
  20 deep elf magi
  2 chaos spawn
  3 large abominations
  A neqoxec (Abyss:4)
  Menkaure (D:7)
  14 orc warriors
  2 water moccasins (D:9)
  28 ogres
  5 centaurs
  6 sky beasts
  6 giant frogs
  A brain worm (Abyss:4)
  A gnoll sergeant (D:9)
  3 scorpions
  18 killer bees
  An electric eel (Elf:3)
  12 crimson imps
  3 giant frog zombies
  A starcursed mass (Abyss:4)
  3 hounds
  3 centaur zombies
  2 giant frog skeletons
  Crazy Yiuf (D:7)
  A jelly (D:8)
  A centaur skeleton (D:9)
  14 orc priests
  21 orc wizards
  7 worker ants
  A hound zombie (D:9)
  A hound skeleton (D:5)
  2 worker ant zombies (D:3)
  11 adders
  5 gnolls (D:9)
  A shadow imp (D:9)
  3 white imps (Abyss:2)
  An ooze (D:6)
  An adder skeleton (D:3)
  An adder zombie (D:6)
  3 worms
  6 giant geckos
  154 orcs
  8 bats
  4 giant cockroaches
  11 goblins
  7 hobgoblins
  8 jackals
  10 kobolds
  5 quokkas
  2 ball pythons
  2 giant gecko skeletons (D:4)
  8 giant newts
  A jackal skeleton (D:4)
  6 rats
  3 crawling corpses
  5 plants
  2 starspawn tentacles (Abyss:4)
616 creatures vanquished.

Vanquished Creatures (collateral kills)
  A starcursed mass (Abyss:4)
  A boulder beetle (Abyss:4)
2 creatures vanquished.

Vanquished Creatures (others)
  A deep elf knight (Elf:2)
  4 fungi (Elf:3)
  2 starspawn tentacles (Abyss:4)
  3 starspawn tentacle segments (Abyss:4)
10 creatures vanquished.

Grand Total: 628 creatures vanquished

Notes
Turn   | Place    | Note
--------------------------------------------------------------
     0 | D:1      | claricorp the Deep Dwarf Fighter began the quest for the Orb.
     0 | D:1      | Reached XP level 1. HP: 20/20 MP: 1/1
   181 | D:1      | Reached XP level 2. HP: 24/27 MP: 2/2
  1013 | D:2      | Reached XP level 3. HP: 15/34 MP: 3/3
  1535 | D:2      | Reached skill level 1 in Dodging
  1766 | D:2      | Reached skill level 4 in Armour
  1766 | D:2      | Reached XP level 4. HP: 34/42 MP: 4/4
  2212 | D:3      | Found an opulent altar of Gozag.
  2296 | D:3      | Reached skill level 1 in Maces & Flails
  2351 | D:3      | Noticed a sky beast
  2402 | D:3      | Killed a sky beast
  2402 | D:3      | Reached XP level 5. HP: 17/49 MP: 5/5
  2498 | D:3      | Gained mutation: You are surrounded by a mild repulsion field (EV +2). [mutagenic meat]
  3809 | D:4      | Noticed sugabear's ghost (novice VSGl)
  3817 | D:4      | Killed sugabear's ghost
  3817 | D:4      | Reached skill level 1 in Evocations
  3817 | D:4      | Reached XP level 6. HP: 44/56 MP: 6/6
  3904 | D:4      | Noticed an ogre
  3915 | D:4      | Killed an ogre
  3915 | D:4      | Reached skill level 5 in Armour
  3915 | D:4      | Reached skill level 1 in Stealth
  3915 | D:4      | Reached XP level 7. HP: 46/62 MP: 7/7
  4618 | D:5      | Entered Level 5 of the Dungeon
  4619 | D:5      | Found Aschosk's Antique Weapon Emporium.
  4804 | D:5      | Reached skill level 5 in Shields
  5333 | D:5      | Noticed Sigmund
  5351 | D:5      | Killed Sigmund
  5351 | D:5      | Reached XP level 8. HP: 35/70 MP: 6/8
  5416 | D:5      | Reached skill level 5 in Dodging
  5655 | D:5      | Bought a runed broad axe for 124 gold pieces
  5807 | D:6      | Got a sparkling copper ring
  5813 | D:6      | Identified the ring of Geur {rF+ rC+ Int+3 Dex+2} (You found it on level 6 of the Dungeon)
  5827 | D:6      | Found a deep blue altar of Sif Muna.
  5942 | D:6      | Reached skill level 6 in Armour
  6027 | D:6      | Reached skill level 1 in Axes
  6791 | D:7      | Gained mutation: You passively map the area around you. [Deep Dwarf growth]
  6791 | D:7      | Reached XP level 9. HP: 74/78 MP: 8/8
  6847 | D:7      | Noticed Crazy Yiuf
  6852 | D:7      | Killed Crazy Yiuf
  7034 | D:7      | Noticed Menkaure
  7045 | D:7      | Killed Menkaure
  7098 | D:7      | Noticed Joseph
  7115 | D:7      | Killed Joseph
  7115 | D:7      | Reached skill level 5 in Axes
  7969 | D:7      | Reached skill level 7 in Armour
  7972 | D:7      | Reached skill level 5 in Fighting
  8336 | D:8      | Reached XP level 10. HP: 58/88 MP: 8/8
  8554 | D:8      | Noticed Grum
  8562 | D:8      | Killed Grum
  8589 | D:8      | Found a radiant altar of Vehumet.
  8590 | D:8      | Found an iron altar of Okawaru.
  8590 | D:8      | Found a snail-covered altar of Cheibriados.
  8592 | D:8      | Found an ancient bone altar of Kikubaaqudgha.
  8649 | D:8      | Became a worshipper of Warmaster Okawaru
  9036 | D:8      | Reached skill level 8 in Axes
  9041 | D:8      | Gained mutation: You are partially covered in molten scales (AC +1). [mutagenic meat]
  9101 | D:9      | Reached * piety under Okawaru
  9111 | D:9      | Found Cefaiqic's Magic Scroll Boutique.
  9120 | D:9      | Bought a scroll of enchant armour for 105 gold pieces
  9120 | D:9      | Bought a scroll of enchant armour for 105 gold pieces
  9190 | D:9      | Reached skill level 1 in Throwing
  9477 | D:9      | Noticed a tengu warrior
  9509 | D:9      | Killed a tengu warrior
  9509 | D:9      | Reached ** piety under Okawaru
  9509 | D:9      | Reached skill level 9 in Axes
  9666 | D:9      | Found a staircase to the Orcish Mines.
  9680 | Orc:1    | Entered Level 1 of the Orcish Mines
 10070 | Orc:1    | Reached XP level 11. HP: 88/97 MP: 8/8
 10243 | Orc:2    | Found Bungeirch's Armour Shoppe.
 10255 | Orc:2    | Bought a +0 pair of gloves for 45 gold pieces
 10255 | Orc:2    | Bought a +1 cloak for 115 gold pieces
 10581 | Orc:2    | Reached *** piety under Okawaru
 10743 | Orc:2    | Found a roughly hewn altar of Beogh.
 10887 | Orc:1    | Noticed Gastronok
 10904 | Orc:1    | Killed Gastronok
 10904 | Orc:1    | Reached skill level 10 in Axes
 11251 | Orc:3    | Noticed an ettin
 11266 | Orc:3    | Killed an ettin
 11266 | Orc:3    | Reached **** piety under Okawaru
 11845 | Orc:4    | Entered Level 4 of the Orcish Mines
 11845 | Orc:4    | Found a staircase to the Elven Halls.
 11845 | Orc:4    | Noticed Maurice
 11862 | Orc:4    | Killed Maurice
 11862 | Orc:4    | Reached skill level 11 in Axes
 12013 | Orc:4    | Reached ***** piety under Okawaru
 12033 | Orc:4    | Noticed a hill giant
 12040 | Orc:4    | Killed a hill giant
 12088 | Orc:4    | Found Zuw Curch's Jewellery Boutique.
 12089 | Orc:4    | Noticed an ogre mage
 12092 | Orc:4    | Noticed a hill giant
 12092 | Orc:4    | Noticed a deep troll
 12095 | Orc:4    | Noticed a deep troll
 12095 | Orc:4    | Reached skill level 12 in Axes
 12100 | Orc:4    | Noticed an ogre mage
 12100 | Orc:4    | Reached XP level 12. HP: 93/106 MP: 4/7
 12103 | Orc:4    | Killed an ogre mage
 12103 | Orc:4    | Received a gift from Okawaru
 12104 | Orc:4    | Received a gift from Okawaru
 12108 | Orc:4    | Killed a hill giant
 12115 | Orc:4    | Killed a deep troll
 12115 | Orc:4    | Reached skill level 13 in Axes
 12120 | Orc:4    | Killed a deep troll
 12122 | Orc:4    | Killed an ogre mage
 12135 | Orc:4    | Got a warped broad axe {god gift}
 12141 | Orc:4    | Identified the +8 broad axe "Coff" {flame, rPois rC++ Str+4 Dex-2} (Okawaru gifted it to you on level 4 of the Orcish Mines)
 12151 | Orc:4    | Found Jeckemop's Food Emporium.
 12156 | Orc:4    | Found Citeilearr's Armour Shop.
 12162 | Orc:4    | Found Gikasigu's Weapon Boutique.
 12727 | Elf:1    | Entered Level 1 of the Elven Halls
 12778 | Elf:1    | Noticed a deep elf annihilator
 12783 | Elf:1    | Killed a deep elf annihilator
 12783 | Elf:1    | Received a gift from Okawaru
 12792 | Elf:1    | Reached skill level 14 in Axes
 13046 | Elf:1    | Reached skill level 10 in Shields
 13052 | Elf:1    | Reached XP level 13. HP: 62/117 MP: 7/7
 13055 | Elf:1    | Reached ****** piety under Okawaru
 13172 | Elf:1    | Received a gift from Okawaru
 13368 | Elf:1    | Found an ancient bone altar of Kikubaaqudgha.
 13433 | Elf:1    | Found Vejy's Food Shoppe.
 13460 | Elf:1    | Reached skill level 15 in Axes
 13465 | Elf:1    | Noticed a deep elf high priest
 13479 | Elf:1    | Killed a deep elf high priest
 13655 | Elf:1    | Reached skill level 1 in Invocations
 14079 | Elf:2    | Found a runed gate.
 14079 | Elf:2    | Found a runed gate.
 14094 | Elf:2    | Found a runed gate.
 14126 | Elf:2    | Received a gift from Okawaru
 14162 | Elf:2    | Reached skill level 16 in Axes
 14301 | Elf:2    | Gained mutation: You resist negative energy. [Deep Dwarf growth]
 14301 | Elf:2    | Reached XP level 14. HP: 89/127 MP: 5/5
 14459 | Elf:2    | Noticed Louise
 14477 | Elf:2    | Killed Louise
 14477 | Elf:2    | Reached skill level 5 in Evocations
 14580 | Elf:2    | Reached skill level 10 in Dodging
 15214 | Elf:3    | Entered Level 3 of the Elven Halls
 15283 | Elf:3    | Received a gift from Okawaru
 15525 | Elf:3    | Reached skill level 17 in Axes
 16557 | Elf:3    | Noticed a deep elf blademaster
 16558 | Elf:3    | Noticed a deep elf blademaster
 16558 | Elf:3    | Noticed a Hell Sentinel
 16567 | Elf:3    | Noticed a Brimstone Fiend
 16569 | Elf:3    | Killed a deep elf blademaster
 16570 | Elf:3    | Noticed a Shadow Fiend
 16572 | Elf:3    | Noticed a deep elf sorcerer
 16573 | Elf:3    | HP: 3/129 [reaper/scythe of freezing[a deep elf demonologist] (39)]
 16580 | Elf:3    | Killed a deep elf blademaster
 16587 | Elf:3    | HP: 1/129 [ghostly deep elf annihilator/crystal spear (22)]
 16653 | Elf:3    | Received a gift from Okawaru
 16695 | Elf:3    | Reached skill level 10 in Armour
 16741 | Elf:3    | Cast into the Abyss (a deep elf demonologist)
 16866 | Abyss:2  | Found a corrupted altar of Lugonu.
 17121 | Abyss:2  | Noticed a lich
 17227 | Abyss:3  | Got a translucent quarterstaff
 17363 | Abyss:4  | Reached XP level 15. HP: 85/124 MP: 1/1
 17372 | Abyss:4  | Noticed a tentacled starspawn
 17381 | Abyss:4  | Killed a tentacled starspawn
 17404 | Abyss:4  | Killed from afar by a starcursed mass

Action                   |  1- 3 |  4- 6 |  7- 9 | 10-12 | 13-15 || total
-------------------------+-------+-------+-------+-------+-------++-------
Melee: Trident           |    98 |       |       |       |       ||    98
       Whip              |    49 |   176 |   230 |       |       ||   455
       Broad axe         |       |       |   223 |   660 |   581 ||  1464
Throw: Javelin           |       |       |     6 |    11 |     3 ||    20
Invok: Heroism           |       |       |       |     1 |    10 ||    11
 Abil: Device Recharging |       |       |     3 |     5 |    10 ||    18
       Evoke Flight      |       |       |     1 |       |       ||     1
Evoke: Wand              |     1 |     3 |    11 |    30 |    52 ||    97
       Lamp of fire      |       |       |       |       |     3 ||     3
  Use: Scroll            |       |     2 |     1 |     4 |    11 ||    18
       Potion            |       |     2 |     7 |     6 |    11 ||    26
 Stab: Invisible         |       |       |       |     8 |       ||     8
  Eat: Chunk             |     3 |    10 |     9 |    20 |     4 ||    46
       Pizza             |       |     1 |       |       |       ||     1
       Bread ration      |       |       |     1 |       |     1 ||     2
       Meat ration       |       |       |     1 |       |     1 ||     2
       Fruit             |       |       |     1 |     2 |     5 ||     8
       Royal jelly       |       |       |       |     1 |       ||     1
       Beef jerky        |       |       |       |     1 |     2 ||     3
